 Dungeon Crawl Stone Soup version 0.14.0-15-g6b16f67 (webtiles) character file.

1586 Heini the Protected (level 8, -3/71 HPs)
             Began as a Minotaur Fighter on Apr 18, 2014.
             Was an Initiate of Okawaru.
             Slain by an orc warrior
             ... wielding a +0,+0 dire flail
              (16 damage)
             ... on Level 6 of the Dungeon.
             The game lasted 00:23:16 (5476 turns).

Heini the Protected (Minotaur Fighter)              Turns: 5476, Time: 00:23:16

HP  -3/71        AC 15     Str 22      XL: 8   Next: 34%
MP   3/3         EV  4     Int  5      God: Okawaru [......]
Gold 252         SH 19     Dex 11      Spells:  0 memorised,  7 levels left

rFire  . . .     SeeInvis .     E - +0 mace
rCold  + . .     Clarity  .     I - +0 plate armour
rNeg   . . .     Conserve .     c - +0 shield
rPois  .         rCorr    .     (helmet restricted)
rElec  .         rRot     .     (no cloak)
SustAb . .       Spirit   .     (no gloves)
rMut   .         Warding  .     (no boots)
Saprov . . .     Stasis   .     (no amulet)
MR     .....                    t - +2 ring of protection
                                h - ring of protection from cold

@: not resistant to hostile enchantments, extremely unstealthy
A: retaliatory headbutt, horns 2
a: Renounce Religion


You were on level 6 of the Dungeon.
You worshipped Okawaru.
Okawaru was noncommittal.
You were hungry.

You visited 2 branches of the dungeon, and saw 7 of its levels.

You collected 252 gold pieces.

Inventory:

Hand weapons
 E - a +0,+0 mace (weapon)
Missiles
 z - 22 stones (quivered)
Armour
 c - a +0 shield (worn)
 I - a +0 plate armour (worn)
Magical devices
 B - a wand of paralysis (10) {unknown}
Comestibles
 d - 4 bread rations
 j - 3 meat rations
 n - a chunk of worm flesh
 p - 2 apples
 u - a choko
Scrolls
 m - 3 scrolls of enchant weapon I {unknown}
 q - 2 scrolls of magic mapping {unknown}
 r - 4 scrolls of teleportation {unknown}
 s - 8 scrolls of remove curse {unknown}
 v - 4 scrolls of identify
 w - 2 scrolls of blinking {unknown}
 y - 2 scrolls of noise {unknown}
 F - a scroll of enchant armour {unknown}
Jewellery
 b - an uncursed ring of sustain abilities
 h - a ring of protection from cold (left hand)
 i - an uncursed ring of see invisible
 t - a +2 ring of protection (right hand)
 C - an uncursed ring of regeneration
 G - an uncursed ring of protection from fire {unknown}
Potions
 a - a potion of degeneration {unknown}
 e - 2 potions of might
 f - 4 potions of curing {unknown}
 g - a potion of invisibility {unknown}
 k - a potion of heal wounds
 l - a potion of brilliance {unknown}
 o - a potion of agility {unknown}
 x - 2 potions of poison {unknown}
 A - 3 potions of haste {unknown}
Miscellaneous
 D - a plain deck of destruction


   Skills:
 * Level 6.6 Fighting
 * Level 6.8 Maces & Flails
 + Level 0.4 Throwing
 * Level 8.0 Armour
 + Level 4.1 Dodging
 - Level 3.9 Shields


You had 7 spell levels left.
You didn't know any spells.

Dungeon Overview and Level Annotations

Branches:
Dungeon (6/15)             Temple (1/1) D:6

Altars:
Ashenzari
Cheibriados
Dithmenos
Elyvilon
Fedhas
Kikubaaqudgha
Makhleb
Nemelex Xobeh
Okawaru
Sif Muna
Trog
Vehumet
Xom
Yredelemnul
Zin
The Shining One


Innate Abilities, Weirdness & Mutations

You reflexively headbutt those who attack you in melee.
You have a pair of horns on your head.


Message History

The orc priest mumbles some strange prayers to Beogh against you.
Pain shoots through your body!
* * * LOW HITPOINT WARNING * * *
You block the orc warrior's attack.
You sock the orc priest!
You kill the orc priest!
Okawaru accepts your kill.
Your Armour skill increases to level 8!
You are feeling hungry.
You hit the orc warrior but do no damage.
You headbutt the orc warrior, but do no damage.
The orc warrior is lightly wounded.
You block the orc warrior's attack. x2
You hit the orc warrior but do no damage.
The orc warrior is lightly wounded.
Your shield and plate armour prevent you from hitting the orc warrior.
You headbutt the orc warrior!
The orc warrior is moderately wounded.
The orc warrior hits you with a dire flail!
You die...

# ####### ..###
####.....## ### #....
#...##....# #.... . #....
#.........####.......#....
#....................#....
#..............>.....+....
#......##.......#....#....
#...##...@......#....##...
#...##...)o...#........###
###.)...(..............###
#.........#.........<...
#.........#.#........###
#.........#.#.)......# #
######'###.#.#........###
#..........#.#...........
#........................


You could see an orc warrior.

Vanquished Creatures
  The ghost of mk83 the Slasher, an average HuDK of Yredelemnul (D:4)
  A sky beast (D:6)
  An ice beast (D:6)
  An orc warrior (D:6)
  2 ogres
  A giant frog (D:6)
  3 orc priests
  2 hounds
  2 jellies (D:5)
  An iguana (D:4)
  2 worker ants
  3 orc wizards
  A hound skeleton (D:4)
  2 orc zombies (D:5)
  11 adders
  2 worms
  2 adder skeletons (D:4)
  A giant eyeball (D:5)
  5 giant geckos
  9 orcs
  11 bats
  A bat zombie (D:6)
  6 giant cockroaches
  10 goblins
  9 hobgoblins
  15 jackals
  4 quokkas
  5 ball pythons
  5 giant newts
  A hobgoblin skeleton (D:4)
  3 kobolds
  An orc skeleton (D:4)
  A quokka skeleton (D:4)
  9 rats
134 creatures vanquished.

Notes
Turn   | Place    | Note
--------------------------------------------------------------
     0 | D:1      | Heini, the Minotaur Fighter, began the quest for the Orb.
     0 | D:1      | Reached XP level 1. HP: 19/19 MP: 1/1
   240 | D:1      | Reached XP level 2. HP: 22/27 MP: 1/1
   286 | D:1      | Reached skill level 4 in Armour
   642 | D:2      | Reached XP level 3. HP: 33/33 MP: 2/2
   919 | D:2      | Reached skill level 1 in Dodging
   953 | D:2      | Reached XP level 4. HP: 41/41 MP: 2/2
  1067 | D:2      | Found a basalt altar of Yredelemnul.
  2205 | D:4      | Noticed mk83's ghost (average HuDK)
  2466 | D:4      | Reached skill level 5 in Armour
  2466 | D:4      | Reached XP level 5. HP: 32/47 MP: 2/2
  2696 | D:4      | Found a sparkling altar of Nemelex Xobeh.
  3050 | D:4      | Reached XP level 6. HP: 55/55 MP: 3/3
  3278 | D:4      | Killed mk83's ghost
  3278 | D:4      | Reached skill level 5 in Fighting
  3278 | D:4      | Reached skill level 5 in Maces & Flails
  3337 | D:4      | Found a glowing golden altar of the Shining One.
  3401 | D:5      | Entered Level 5 of the Dungeon
  3401 | D:5      | Found a white marble altar of Elyvilon.
  3413 | D:5      | Reached skill level 6 in Armour
  3413 | D:5      | Reached XP level 7. HP: 29/61 MP: 3/3
  4358 | D:5      | Paralysed by a giant eyeball for 3 turns
  4406 | D:5      | Found a white marble altar of Elyvilon.
  4406 | D:5      | Found a blossoming altar of Fedhas.
  4758 | D:6      | Reached skill level 7 in Armour
  4947 | D:6      | Reached XP level 8. HP: 64/70 MP: 3/3
  4955 | D:6      | Found a staircase to the Ecumenical Temple.
  4965 | Temple   | Entered the Ecumenical Temple
  5184 | Temple   | Became a worshipper of Warmaster Okawaru
  5473 | D:6      | Reached skill level 8 in Armour
  5476 | D:6      | Slain by an orc warrior

Action                   |  1- 3 |  4- 6 |  7- 9 || total
-------------------------+-------+-------+-------++-------
Melee: Flail             |   101 |   170 |    52 ||   323
       Mace              |       |       |   125 ||   125
Throw: Stone             |       |       |     5 ||     5
  Use: Scroll            |     1 |     3 |     2 ||     6
       Potion            |       |       |     2 ||     2
